 Dungeon Crawl Stone Soup version 0.30-a0-534-gdc55766716 (webtiles) character file.

Game seed: 13274957252657479393

52 avis the Chiller (level 3, 0/28 HPs)
             Began as a Demigod Ice Elementalist on Dec 25, 2022.
             Slain by a gnoll
             ... wielding a +0 flail
              (11 damage)
             ... on level 2 of the Dungeon.
             The game lasted 00:06:11 (1296 turns).

avis the Chiller (Demigod Ice Elementalist)         Turns: 1296, Time: 00:06:12

Health: 0/28       AC:  2    Str:  9    XL:     3   Next: 39%
Magic:  4/9        EV: 12    Int: 17    God:
Gold:   131        SH:  0    Dex: 18    Spells: 0/7 levels left

rFire   . . .      SeeInvis .    c - staff of air
rCold   . . .      Faith    .    (no shield)
rNeg    . . .      Spirit   .    a - +0 robe
rPois   .          Reflect  .    (no helmet)
rElec   +          Harm     .    (no cloak)
rCorr   .          Rampage  .    (no gloves)
Will    .....                    (no boots)
Stlth   ++                       (no amulet)
HPRegen 0.24/turn                (no ring)
MPRegen 0.11/turn                (no ring)

@: no status effects
A: high MP 1, forlorn, divine attributes
a: no special abilities


You were on level 2 of the Dungeon.
You visited 1 branch of the dungeon, and saw 2 of its levels.

You collected 131 gold pieces.

Inventory:

Hand Weapons
 e - a +0 dagger
 l - a +0 short sword
Armour
 a - a +0 robe (worn)
Magical Staves
 c - a staff of air (weapon)
Jewellery
 j - a ring of fire
Scrolls
 d - a scroll of identify {unknown}
 h - a scroll of immolation {unknown}
 k - a scroll of poison {unknown}
 m - 2 scrolls of teleportation {unknown}
Potions
 b - a potion of magic
 f - a potion of resistance {unknown}
 g - a potion of invisibility {unknown}
 i - a potion of curing {unknown}
 n - a potion of cancellation {unknown}


   Skills:
 - Level 1.0 Fighting
 - Level 2.0 Dodging
 - Level 2.0 Stealth
 * Level 2.6 Spellcasting
 - Level 4.0 Ice Magic


You couldn't memorise any spells.
You knew the following spells:

 Your Spells              Type           Power      Damage    Failure   Level
a - Freeze                Ice            60%        1d7       3%          1
o - Ozocubu's Armour      Ice            15%        N/A       11%         3
r - Frozen Ramparts       Ice            30%        1d5       11%         3

Your spell library contained the following spells:

 Spells                   Type           Power      Damage    Failure   Level
 Magic Dart               Conj           8%         1d3       19%         1
 Searing Ray              Conj           4%         2d4       28%         2
 Summon Ice Beast         Ice/Summ       9%         N/A       63%         4
 Fulminant Prism          Conj/Hex       1%         3d5       88%         4


Dungeon Overview and Level Annotations

Branches:
Dungeon (2/15)


Innate Abilities, Weirdness & Mutations

You have an increased reservoir of magic. (+10% MP)
You shall have no god before yourself.
Your divine heritage dramatically boosts your attributes as you level up.


Message History

Casting: Freeze (safe; 3% risk of failure)
Confirm with . or Enter, or press ? or * to list all spells.
Aiming: Freeze (safe; 3% risk of failure)
Press: ? - help, Shift-Dir - straight line, f/p - gnoll
Aim: a gnoll, wielding a +0 whip, wearing a +0 robe and quivering stones (moderately wounded)
You freeze the gnoll.
The gnoll is heavily wounded.
The gnoll hits you with a +0 whip.
Casting: Freeze (safe; 3% risk of failure)
Confirm with . or Enter, or press ? or * to list all spells.
Aiming: Freeze (safe; 3% risk of failure)
Press: ? - help, Shift-Dir - straight line, f/p - gnoll
Aim: a gnoll, wielding a +0 whip, wearing a +0 robe and quivering stones (heavily wounded)
You freeze the gnoll.
The gnoll is heavily wounded.
The gnoll closely misses you.
Casting: Freeze (safe; 3% risk of failure)
Confirm with . or Enter, or press ? or * to list all spells.
Aiming: Freeze (safe; 3% risk of failure)
Press: ? - help, Shift-Dir - straight line, f/p - gnoll
Aim: a gnoll, wielding a +0 whip, wearing a +0 robe and quivering stones (heavily wounded)
You freeze the gnoll.
The gnoll is almost dead.
The gnoll closely misses you. The gnoll misses you.
Casting: Freeze (safe; 3% risk of failure)
Confirm with . or Enter, or press ? or * to list all spells.
Aiming: Freeze (safe; 3% risk of failure)
Press: ? - help, Shift-Dir - straight line, f/p - gnoll
Aim: a gnoll, wielding a +0 whip, wearing a +0 robe and quivering stones (almost dead)
You freeze the gnoll.
You kill the gnoll!
The gnoll hits you from afar with a +0 halberd.
The gnoll closely misses you.
Training target 2.0 for Stealth reached!
Your Stealth skill increases to level 2!
You need to enable at least one skill for training.
The gnoll closely misses you. The gnoll attacks as you move away!
The gnoll hits you with a +0 flail! The gnoll attacks as you move away!
The gnoll hits you with a +0 flail!
You die...

#.........##.# #.##.....#...#
...........#.# #(.#........##
##.........# ##.#.......##
.#.........# #.#..........
.#.......... #............
.#..... ... ##............
...####......######.###........
.....................##.#......g.
......#. ..##.@#...........<...
<.#.#..........#.g...............
..# .. ....... ###g..............
.## #.. .... ................ ##
#.... .#............... ..
...............>.) # ..
................ ...
................ .##
.####.###>.......


You could see 2 gnolls.

Vanquished Creatures
  2 gnolls (D:2)
  A dart slug (D:2)
  2 ball pythons (D:1)
  3 endoplasms
  2 giant cockroaches (D:1)
  A goblin (D:1)
  2 hobgoblins
  5 quokkas
  3 bats
  3 frilled lizards
  3 kobolds
  3 rats
30 creatures vanquished.

Notes
Turn   | Place    | Note
-------+----------+-------------------------------------------
     0 | D:1      | avis the Demigod Ice Elementalist began the quest for the
                  | Orb.
     0 | D:1      | Reached XP level 1. HP: 14/14 MP: 5/5
   185 | D:1      | Reached skill level 4 in Ice Magic
   282 | D:1      | Reached XP level 2. HP: 19/20 MP: 5/7
   957 | D:2      | Reached XP level 3. HP: 27/27 MP: 0/9
  1037 | D:1      | Learned a level 3 spell: Frozen Ramparts
  1041 | D:1      | Learned a level 3 spell: Ozocubu's Armour
  1055 | D:2      | Reached skill level 1 in Fighting
  1296 | D:2      | Slain by a gnoll

Illustrated notes

Levels and vault maps discovered:
D:1:      reono_arrival_mine, layout_loops_ring
D:2:      layout_rooms, basic_altar, grunt_decor_mini_mirrors, glass_columns_c

Skill      XL: |  1  2  3 |
---------------+----------+-----
Ice Magic      | 4 |  4.0
Spellcasting   | 2 |  2.6
Fighting       | 1 |  1.0
Dodging        | 2 |  2.0
Stealth        | 2 |  2.0

Action                   || total
-------------------------++-------
 Cast: Freeze            ||    47
Armor: Robe              ||     2
Dodge: Dodged            ||    19

Table legend: (Time is in decaauts)
 A = Elapsed time spent in this place.
 B = Non-inter-level travel time spent in this place.
 C = Inter-level travel time spent in this place.
 D = Time resting spent in this place.
 E = Time spent auto-exploring this place.
 F = Levels seen in this place.
 G = Mean time per level.
                   A        B        C        D        E       F      G
               +--------+--------+--------+--------+--------+-----+--------+
         Total |   1295 |   1237 |     58 |    268 |    691 |   2 |  647.5 |
       Dungeon |   1295 |   1237 |     58 |    268 |    691 |   2 |  647.5 |
               +--------+--------+--------+--------+--------+-----+--------+

Top non-repeatable levels by time:
     D:1: 1016 daAuts
     D:2: 279 daAuts
